 Dungeon Crawl Stone Soup version 0.25.1-9-gc5326a611f (webtiles) character file.

Game seed: 2276907513229970975

40 teolandon225 the Sneak (level 3, -1/18 HPs)
             Began as a Spriggan Assassin on Dec 26, 2020.
             Slain by an adder (3 damage)
             ... on level 3 of the Dungeon.
             The game lasted 00:04:38 (1302 turns).

teolandon225 the Sneak (Spriggan Assassin)          Turns: 1302, Time: 00:04:39

Health: -1/18      AC:  3    Str: 13    XL:     3   Next: 30%
Magic:  4/4        EV: 17    Int: 12    God:
Gold:   23         SH:  0    Dex: 18    Spells: 2/2 levels left

rFire    . . .     SeeInvis +   a - +2 dagger
rCold    . . .     Gourm    .   (shield restricted)
rNeg     . . .     Faith    .   b - +0 robe
rPois    .         Spirit   .   (helmet restricted)
rElec    .         Reflect  .   c - +0 cloak
rCorr    .         Harm     .   (gloves unavailable)
MR       .....                  (boots unavailable)
Stlth    ++++......             (no amulet)
HPRegen  0.06/turn              i - +6 ring of strength
MPRegen  0.09/turn              (no ring)

@: very quick
A: very small, unfitting armour, see invisible, herbivore, speed 3, slow
metabolism 2
a: no special abilities


You were on level 3 of the Dungeon.
You were not hungry.

You visited 1 branch of the dungeon, and saw 3 of its levels.

You collected 23 gold pieces.

Inventory:

Hand Weapons
 a - a +2 dagger (weapon)
Missiles
 d - 8 poisoned darts (quivered)
 e - 2 curare-tipped darts
Armour
 b - a +0 robe (worn)
 c - a +0 cloak (worn)
Jewellery
 i - a +6 ring of strength (left hand)
 j - a cursed ring of teleportation {unknown}
 m - a +6 ring of strength
 n - a +6 ring of intelligence {unknown}
 o - a +4 ring of protection {unknown}
Wands
 p - a wand of flame (22)
Potions
 g - 2 potions of curing
Comestibles
 f - 3 rations


   Skills:
 * Level 2.0 Fighting
 * Level 2.8 Short Blades
 - Level 2.0 Throwing
 + Level 0.3 Armour
 + Level 2.2 Dodging
 * Level 6.4 Stealth


You had 2 spell levels left.
You didn't know any spells.
Your spell library was empty.

Dungeon Overview and Level Annotations

Branches:
Dungeon (3/15)

Altars:
The Shining One

Annotations:
D:2 Terence


Innate Abilities, Weirdness & Mutations

You are very small and have problems with some larger weapons.
You are too small for most types of armour.
You have supernaturally acute eyesight. (SInv)
You are a herbivore.
You cover ground extremely quickly.
You need to consume almost no food.


Message History

Terence is heavily wounded.
Terence misses you.
You hit Terence but do no damage.
Terence is heavily wounded.
Terence barely misses you.
You hit Terence but do no damage.
Terence is heavily wounded.
Terence hits you with a +0 short sword.
You closely miss Terence.
Terence is heavily wounded.
Terence misses you.
There is a stone staircase leading down here.
You climb downwards.
An adder comes into view.
There is a stone staircase leading up here.
The adder hisses angrily.
You hit the adder but do no damage. The adder bites you.
* * * LOW HITPOINT WARNING * * *
You barely miss the adder. The adder bites you.
You die...

# ###.#
#####+#.#.
.........
.......S#
.......@#
........#
..###.#.#
#.#<# #
#.# ###


You could see an adder.

Vanquished Creatures
  A worm (D:2)
  2 dart slugs (D:1)
  2 leopard geckos
  2 bats (D:2)
  4 giant cockroaches
  6 goblins
  2 hobgoblins (D:1)
  A frilled lizard (D:1)
  4 kobolds
  5 rats
29 creatures vanquished.

Notes
Turn   | Place    | Note
-------+----------+-------------------------------------------
     0 | D:1      | teolandon225 the Spriggan Assassin began the quest for the
                  | Orb.
     0 | D:1      | Reached XP level 1. HP: 10/10 MP: 2/2
    32 | D:1      | Reached skill level 6 in Stealth
    42 | D:1      | Reached XP level 2. HP: 15/15 MP: 3/3
   790 | D:2      | Reached XP level 3. HP: 3/18 MP: 4/4
   839 | D:2      | Noticed Terence
  1056 | D:2      | Found a glowing golden altar of the Shining One.
  1302 | D:3      | Slain by an adder

Illustrated notes

Levels and vault maps discovered:
D:1:      dpeg_arrival_tiny_j, layout_basic
D:2:      layout_basic, lemuel_doored_altar, first_ration, tso_metal_star,
          uniq_terence
D:3:      layout_basic, eat_drink_and_be_merry_uskayaw

Skill      XL: |  1  2 |
---------------+-------+-----
Stealth        | 6 |  6.4
Dodging        | 2 |  2.2
Fighting       | 2 |  2.0
Short Blades   | |  2.8
Throwing       | |  2.0
Armour         | |  0.3

Action                   || total
-------------------------++-------
Melee: Dagger            ||   102
  Use: Scroll            ||     5
       Potion            ||     2
 Stab: Sleeping          ||    12
Armor: Robe              ||    19
Dodge: Dodged            ||    80
